 Dungeon Crawl Stone Soup version 0.32-a0-22-g6ae6769602 (webtiles) character file.

Game seed: 2569915268749258628

2060 MacCMillion the Cleaver (level 9, 0/66 HPs)
             Began as a Formicid Fighter on Jan 18, 2024.
             Slain by a vampire (3 damage)
             ... on level 9 of the Dungeon.
             The game lasted 00:10:31 (7666 turns).

MacCMillion the Cleaver (Formicid Fighter)          Turns: 7666, Time: 00:10:32

Health: 0/66       AC: 12    Str: 31    XL:     9   Next: 50%
Magic:  9/9        EV:  9    Int:  8    God:
Gold:   347        SH: 10    Dex: 13    Spells: 8/8 levels left

rFire   + . .        a - +0 war axe
rCold   . . .        c - +0 buckler
rNeg    . . .        w - +0 chain mail
rPois   .            (helmet unavailable)
rElec   .            (no cloak)
rCorr   .            s - +0 pair of gloves
SInv    +            d - +0 pair of boots
Will    .....        t - amulet of reflection Stlth
                     f - +6 ring of strength
HPRegen 0.31/turn    o - ring of protection from fire
MPRegen 0.11/turn

%: reflection
@: no status effects
A: permanent stasis, dig shafts and tunnels, antennae 3, four strong arms
a: Dig, Shaft Self


You were on level 9 of the Dungeon.
You visited 1 branch of the dungeon, and saw 7 of its levels.

You collected 470 gold pieces.
You spent 123 gold pieces at shops.

Inventory:

Hand Weapons
 a - a +0 war axe (weapon)
Missiles
 m - 3 curare-tipped darts
 z - 12 poisoned darts (quivered)
 B - 4 darts of dispersal
Armour
 c - a +0 buckler (worn)
 d - a +0 pair of boots (worn)
 s - a +0 pair of gloves (worn)
 w - a +0 chain mail (worn)
Jewellery
 b - a +4 ring of protection
 f - a +6 ring of strength (left hand)
 i - a ring of resist corrosion
 j - a ring of positive energy
 o - a ring of protection from fire (right hand)
 t - an amulet of reflection (around neck)
Scrolls
 h - 5 scrolls of teleportation
 k - a scroll of noise
 v - 2 scrolls of blinking {unknown}
 x - a scroll of butterflies
 y - a scroll of fog
 A - a scroll of enchant weapon
Potions
 e - a potion of mutation
 g - 2 potions of curing
 l - a potion of ambrosia {unknown}
 n - 2 potions of degeneration
 p - 2 potions of heal wounds
 q - a potion of lignification
 r - a potion of enlightenment {unknown}
 u - a potion of invisibility {unknown}


   Skills:
 + Level 4.7 Fighting
 + Level 10.4 Axes
 + Level 2.8 Throwing
 + Level 4.7 Armour
 - Level 2.0 Dodging
 - Level 4.0 Shields


You had 8 spell levels left.
You didn't know any spells.
Your spell library contained the following spells:

 Spells                   Type           Power      Damage    Failure   Level
 Call Imp                 Summ           0%         N/A       96%         2
 Mercury Vapours          Alch/Air       0%         N/A       96%         2
 Sublimation of Blood     Necr           0%         N/A       96%         2
 Mephitic Cloud           Conj/Alch/Air  0%         N/A       99%         3
 Freezing Cloud           Conj/Ice/Air   0%         6-21      100%        5
 Summon Hydra             Summ           0%         N/A       100%        7


Dungeon Overview and Level Annotations

Branches:
Dungeon (6/15)
 Temple: D:4-7

Altars:
Dithmenos
Elyvilon
Hepliaklqana

Shops:
D:1 (:   D:3 :!   D:4 !   D:6 !


Innate Abilities, Weirdness & Mutations

You cannot be hasted, slowed, berserked, paralysed or teleported.
You can dig through walls and to a lower floor.
You have a pair of large antennae on your head. (SInv)
Your four strong arms can wield two-handed weapons with a shield.


Message History

The vampire barely misses you. The vampire bites you.
The vampire draws strength from your injuries!
You closely miss the vampire.
The vampire is moderately damaged.
You block the vampire's attack. The vampire bites you.
The vampire draws strength from your injuries!
You barely miss the vampire.
The vampire is moderately damaged.
The vampire hits you but does no damage.
You block the vampire's attack.
You hit the vampire but do no damage.
The vampire is moderately damaged.
You block the vampire's attack. x2
You slash the vampire!
The vampire is severely damaged.
The vampire draws life force from you!
The vampire is healed by the life force!
You hit the vampire but do no damage.
The vampire is heavily damaged.
The vampire draws life force from you!
The vampire is healed by the life force!
You hit the vampire.
The vampire is moderately damaged.
You block the vampire's attack.
The vampire bites you but does no damage.
You hit the vampire but do no damage.
The vampire is moderately damaged.
You block the vampire's attack. The vampire bites you.
* * * LOW HITPOINT WARNING * * *
The vampire draws strength from your injuries!
You slash the vampire!
The vampire is heavily damaged.
The vampire draws life force from you!
* * * LOW HITPOINT WARNING * * *
The vampire is healed by the life force!
You hit the vampire but do no damage.
The vampire is moderately damaged.
The vampire hits you but does no damage.
The vampire bites you.
You die...

... ..#
... #.#
#.# #.#
#.# #@#
#V#
#.#######
#.......#
#.#####.#
#.# .#
#.#####.##
#....Vk..#
#######..#


You could see a vampire (invisible).

Vanquished Creatures
  Prince Ribbit (D:5)
  A wyvern (D:9)
  Eustachio (D:6)
  A steam dragon (D:6)
  A water moccasin (D:6)
  An orc warrior (D:4)
  A sky beast (D:6)
  A centaur (D:6)
  2 ogres (D:6)
  2 phantoms
  A kobold brigand (D:5)
  Blork the orc (D:6)
  2 scorpions
  2 hounds
  A bombardier beetle (D:5)
  A gnoll bouda (D:6)
  2 orc priests
  A sleepcap (D:4)
  3 iguanas
  3 orc wizards
  6 adders
  3 gnolls (D:6)
  4 ribbon worms
  6 orcs
  4 ball pythons
  6 endoplasms
  4 giant cockroaches
  4 goblins
  7 hobgoblins
  27 kobolds
  4 quokkas
  3 bats
  A frilled lizard (D:3)
  3 rats (D:1)
111 creatures vanquished.

Notes
Turn   | Place    | Note
-------+----------+-------------------------------------------
     0 | D:1      | MacCMillion the Formicid Fighter began the quest for the
                  | Orb.
     0 | D:1      | Reached XP level 1. HP: 18/18 MP: 1/1
   124 | D:1      | Reached XP level 2. HP: 24/24 MP: 2/2
   210 | D:1      | Found Inwar's Book Boutique.
   217 | D:1      | Reached skill level 3 in Axes
   448 | D:1      | Found Tiegedofet's Antique Weapon Boutique.
   628 | D:1      | Reached XP level 3. HP: 27/29 MP: 3/3
   941 | D:2      | Found a faded altar of an unknown god.
  1536 | D:3      | Reached skill level 4 in Axes
  1536 | D:3      | Reached XP level 4. HP: 29/35 MP: 4/4
  1563 | D:3      | Found Piabb's Distillery.
  1571 | D:3      | Bought a potion of lignification for 30 gold pieces
  1571 | D:3      | Bought a potion of curing for 30 gold pieces
  1571 | D:3      | Bought a potion of heal wounds for 50 gold pieces
  1695 | D:3      | Found a white marble altar of Elyvilon.
  1889 | D:3      | Found Miwyur's Vocational Training.
  2229 | D:4      | Reached skill level 5 in Axes
  2229 | D:4      | Reached XP level 5. HP: 15/41 MP: 5/5
  2828 | D:4      | Found Gomurit's Distillery.
  2839 | D:4      | Reached XP level 6. HP: 47/47 MP: 6/6
  2840 | D:4      | Bought a potion of degeneration for 13 gold pieces
  2867 | D:4      | Reached skill level 6 in Axes
  3406 | D:5      | Entered Level 5 of the Dungeon
  3406 | D:5      | Noticed an orc warrior
  3421 | D:4      | Killed an orc warrior
  3422 | D:4      | Reached skill level 7 in Axes
  3422 | D:4      | Reached XP level 7. HP: 18/52 MP: 7/7
  4052 | D:5      | Reached skill level 8 in Axes
  4214 | D:5      | Noticed Prince Ribbit
  4231 | D:5      | Killed Prince Ribbit
  4232 | D:5      | Reached XP level 8. HP: 29/58 MP: 8/8
  4551 | D:5      | Reached skill level 9 in Axes
  5376 | D:6      | Found a shadowy altar of Dithmenos.
  5416 | D:6      | Noticed Eustachio
  6188 | D:6      | Killed Eustachio
  6189 | D:6      | Reached skill level 10 in Axes
  6260 | D:6      | Found Borheck's Distillery.
  6270 | D:6      | Noticed Blork the orc
  6282 | D:6      | Killed Blork the orc
  6283 | D:6      | Reached skill level 1 in Throwing
  6283 | D:6      | Reached skill level 1 in Dodging
  6483 | D:6      | Reached XP level 9. HP: 61/65 MP: 9/9
  7111 | D:6      | Found a faded altar of an unknown god.
  7113 | D:6      | Found a hazy altar of Hepliaklqana.
  7113 | D:6      | Found a faded altar of an unknown god.
  7580 | D:6      | You fall into a shaft and drop 3 floors!
  7665 | D:9      | HP: 3/66 [vampire/vampiric draining (17)]
  7666 | D:9      | Slain by a vampire

Illustrated notes

Levels and vault maps discovered:
D:1:      minmay_arrival_stone_box, layout_basic, serial_shops,
          nicolae_shop_hallway_plus, nicolae_shop_crystal,
          serial_park_tiny_pond, minmay_tetromino_l2
D:2:      layout_basic, hellmonk_ecumenical_altar_leap_of_faith,
          kennysheep_cross_bottleneck
D:3:      layout_basic, mainiacjoe_overflow_boulevard, serial_shops,
          nicolae_diamond_shop, nicolae_shop_vocational
D:4:      layout_loops_corners, serial_shops, nicolae_shop_stone,
          kennysheep_small_spiral
D:5:      kennysheep_kobold_camp, layout_basic, uniq_prince_ribbit1
D:6:      kennysheep_steamy, layout_basic,
          nicolae_dithmenos_through_a_glass_darkly,
          nicolae_hepliaklqana_ecumenical_no_more, serial_shops,
          nicolae_shop_industrial_runoff, nicolae_shop_peninsula, shop,
          uniq_blork_the_orc, uniq_eustachio
D:9:      layout_loops_ring, enter_bailey_5

Skill      XL: |  1  2  3  4  5  6  7  8  9 |
---------------+----------------------------+-----
Axes           | 3 4 5 7 8 10 | 10.4
Throwing       | 1 2 |  2.8
Dodging        | 1 2 |  2.0
Fighting       | 4 |  4.7
Armour         | 4 |  4.7
Shields        | |  4.0

Action                     |  1- 3 |  4- 6 |  7- 9 || total
---------------------------+-------+-------+-------++-------
  Melee: War axe           |    92 |   106 |   281 ||   479
  Throw: Dart              |       |       |     7 ||     7
Ability: Shaft Self        |       |       |     1 ||     1
    Use: Potion            |       |     1 |     1 ||     2
         Scroll            |       |       |     6 ||     6
 Armour: Scale mail        |    53 |    31 |       ||    84
         Chain mail        |       |    35 |   145 ||   180
  Dodge: Dodged            |    36 |    31 |    54 ||   121
  Block: Buckler           |    26 |    43 |   143 ||   212
         Reflection        |       |     1 |     5 ||     6

Table legend: (Time is in decaauts)
 A = Elapsed time spent in this place.
 B = Non-inter-level travel time spent in this place.
 C = Inter-level travel time spent in this place.
 D = Time resting spent in this place.
 E = Time spent auto-exploring this place.
 F = Levels seen in this place.
 G = Mean time per level.
                   A        B        C        D        E       F      G
               +--------+--------+--------+--------+--------+-----+--------+
         Total |   7751 |   7424 |    327 |   2193 |   3997 |   7 | 1107.3 |
       Dungeon |   7751 |   7424 |    327 |   2193 |   3997 |   7 | 1107.3 |
               +--------+--------+--------+--------+--------+-----+--------+

Top non-repeatable levels by time:
     D:5: 2157 daAuts
     D:6: 1702 daAuts
     D:4: 1502 daAuts
     D:2: 823 daAuts
     D:3: 758 daAuts
     D:1: 722 daAuts
     D:9: 85 daAuts
